 Dungeon Crawl Stone Soup version 0.32-a0-128-g77eb882913 (webtiles) character file.

Game seed: 16358345194416959847

1122 jasper the Carver (level 8, -1/114 (123) HPs)
             Began as a Vampire Reaver on Feb 7, 2024.
             Was an Elder of Lugonu.
             Incinerated by a bombardier beetle (3 damage)
             ... with a burning spray
             ... on level 5 of the Dungeon.
             The game lasted 00:07:38 (4720 turns).

jasper the Carver (Vampire Reaver)                  Turns: 4720, Time: 00:07:38

HP:   -1/114 (123)  AC: 28    Str: 11    XL:     8   Next: 12%
MP:   11/11         EV:  2    Int: 21    God:    Lugonu [****..]
Gold: 217           SH:  4    Dex: 14    Spells: 9/11 levels left

rFire   . . .        a - +0 falchion
rCold   . . .        q - +0 buckler
rNeg    . . .        p - melded +0 ring mail
rPois   +            v - melded +2 helmet
rElec   .            w - melded +0 cloak
rCorr   +            D - melded +1 pair of gloves
SInv    +            (boots currently unavailable)
Will    .....        (no amulet) Stlth
                     n - ring "Teticris" {rCorr AC+4 Int+5}
HPRegen 0.59/turn    t - +4 ring of slaying
MPRegen 0.12/turn

%: no passive effects
@: mighty, berserking (expiring), on fire, tree-form, healing quickly, glowing,
drained, very quick
A: stationary, stasis, torment immunity, boosted hp, alive, (fangs 3), see
invisible, vampiric 2
a: Exsanguinate, Renounce Religion, Depart the Abyss, Banish, Corrupt


You were on level 5 of the Dungeon.
You worshipped Lugonu.
Lugonu was greatly pleased with you.
You were a tree.
You visited 1 branch of the dungeon, and saw 5 of its levels.

You collected 217 gold pieces.

Inventory:

Hand Weapons
 a - a +0 falchion (weapon)
 c - a +2 heavy sling
Missiles
 e - a throwing net
 f - 83 stones
 B - 5 boomerangs (quivered)
Armour
 b - a +0 leather armour
 k - a +0 helmet
 p - a +0 ring mail (melded)
 q - a +0 buckler (worn)
 v - a +2 helmet (melded)
 w - a +0 cloak (melded)
 D - a +1 pair of gloves (melded)
Jewellery
 i - a +6 ring of dexterity
 j - a +6 ring of strength
 n - the ring "Teticris" (left branch) {rCorr AC+4 Int+5}
   (You found it on level 2 of the Dungeon)

   [ring of protection]

   AC+4:      It affects your AC (+4).
   Int+5:     It affects your intelligence (+5).
   rCorr:     It protects you from acid and corrosion.
 r - a ring of wizardry
 t - a +4 ring of slaying (right branch)
Scrolls
 g - a scroll of blinking
 l - 2 scrolls of teleportation
 s - a scroll of fear
Potions
 d - a potion of lignification
 h - a potion of mutation
 m - a potion of magic


   Skills:
 - Level 1.7 Fighting
 + Level 10.1 Long Blades
 - Level 2.1 Dodging
 - Level 2.0 Spellcasting
 - Level 2.1 Conjurations


You had 9 spell levels left.
You knew the following spells:

 Your Spells              Type           Power      Damage    Failure   Level
a - Blink                 Tloc           4%         N/A       32%         2

Your spell library contained the following spells:

 Spells                   Type           Power      Damage    Failure   Level
 Magic Dart               Conj           44%        1d5       9%          1
 Kiss of Death            Conj/Necr      24%        2d7       14%         1
 Momentum Strike          Conj/Tloc      12%        3d8       21%         2
 Call Imp                 Summ           4%         N/A       32%         2
 Sublimation of Blood     Necr           2%         N/A       32%         2
 Hailstorm                Conj/Ice       6%         3d5       38%         3
 Petrify                  Alch/Erth      2%         N/A       91%         4
 Irradiate                Conj/Alch      3%         3d12      98%         5


Dungeon Overview and Level Annotations

Branches:
Dungeon (5/15)
 Temple: D:4-7

Altars:
Qazlal
Xom
Lugonu

Annotations:
D:5 Dowan


Innate Abilities, Weirdness & Mutations

You are a tree.
Your roots penetrate the ground, keeping you stationary.
You cannot be teleported.
You are immune to unholy pain and torment.
Your maximum health is greatly increased.
Your equipment is partially melded.
Your natural rate of healing is accelerated.
((You have razor-sharp teeth.))
You have supernaturally acute eyesight. (SInv)
You are afflicted with vampirism and can become a bat while bloodless.


Message History

It was a potion of curing.
You feel better. The liquid fire burns you!
* * * LOW HITPOINT WARNING * * *
You regained 2 hp, and now have 16/76 hp.
You slash Dowan!
Dowan is heavily wounded.
The liquid fire burns you!
* * * LOW HITPOINT WARNING * * *
Dowan hits you but does no damage.
You take 1 damage, and have 15/76 hp.
You closely miss Dowan.
Dowan is heavily wounded.
The liquid fire burns you!
* * * LOW HITPOINT WARNING * * *
Dowan hits you but does no damage.
Dowan mumbles some strange words.
Dowan blinks!
You take 4 damage, and have 11/76 hp.
You aren't carrying any items that you can evoke.
It was a potion of berserk rage.
A red film seems to cover your vision as you go berserk!
You feel yourself moving faster!
You feel mighty! The liquid fire burns you!
* * * LOW HITPOINT WARNING * * *
Dowan casts a spell at you. The stone arrow hits you!
* * * LOW HITPOINT WARNING * * *
You now have 5/114 hp.
You feel a strong urge to attack something.
The liquid fire burns you!
* * * LOW HITPOINT WARNING * * *
Dowan gestures wildly while chanting.
Dowan blinks!
You take 1 damage, and have 4/114 hp.
The liquid fire burns you!
* * * LOW HITPOINT WARNING * * *
You take 2 damage, and have 2/114 hp.
You feel your anger nearly subside. The liquid fire burns you!
You die...

####.######.###.#.
#....# #.# #..>
####.# #.# ###.
##########.#
#.#####. ##
#.)........#
#....... ..
#.#######..#
######## #. #.#
#####..# #
#.##.###...§..#
#....)♣.###.## #
#.##.##### #.# #
#. #.#######.# #
~e #.........# P~
########### ~B ~


There were no monsters in sight!

Vanquished Creatures
  Pikel (D:4)
  Duvessa (D:5)
  An ogre (D:5)
  4 lemures (D:4)
  A howler monkey (D:4)
  A bombardier beetle (D:5)
  Crazy Yiuf (D:3)
  Natasha (thrice) (D:3)
  Robin (D:3)
  9 adders
  3 gnolls (D:2)
  A ribbon worm (D:2)
  2 dart slugs (D:1)
  15 orcs
  7 ball pythons
  10 endoplasms
  5 giant cockroaches
  18 goblins
  10 hobgoblins
  23 jackals
  11 kobolds
  4 quokkas
  7 bats
  4 frilled lizards
  8 rats
151 creatures vanquished.

Vanquished Creatures (others)
  A butterfly (D:4)
1 creature vanquished.

Grand Total: 152 creatures vanquished

Notes
Turn   | Place    | Note
-------+----------+-------------------------------------------
     0 | D:1      | jasper the Vampire Reaver began the quest for the Orb.
     0 | D:1      | Reached XP level 1. HP: 16/16 MP: 3/3
   115 | D:1      | Reached XP level 2. HP: 17/22 MP: 5/5
   185 | D:1      | Found a faded altar of an unknown god.
   195 | D:1      | Prayed at the altar of an unknown god.
   195 | D:1      | Became a worshipper of Lugonu the Unformed
   195 | D:1      | Reached * piety under Lugonu
   283 | D:1      | Reached skill level 4 in Long Blades
   331 | D:1      | Gained mutation: You are afflicted with vampirism and can
                  | become a bat while bloodless. [Vampire growth]
   331 | D:1      | Reached XP level 3. HP: 27/27 MP: 6/6
   420 | D:1      | Reached ** piety under Lugonu
  1214 | D:2      | Reached XP level 4. HP: 18/30 MP: 7/7
  1226 | D:2      | Reached skill level 5 in Long Blades
  1585 | D:2      | Identified the ring "Teticris" {rCorr AC+4 Int+5}
  1597 | D:2      | Reached XP level 5. HP: 34/38 MP: 8/8
  2321 | D:2      | Reached *** piety under Lugonu
  2354 | D:2      | Reached skill level 6 in Long Blades
  2685 | D:3      | Found a stormy altar of Qazlal.
  2792 | D:3      | Noticed Natasha
  2799 | D:3      | Killed Natasha
  2864 | D:3      | Noticed Natasha
  2875 | D:3      | Killed Natasha
  2986 | D:3      | Reached **** piety under Lugonu
  2989 | D:3      | Reached XP level 6. HP: 44/44 MP: 9/9
  3020 | D:3      | Noticed Robin
  3035 | D:3      | Killed Robin
  3167 | D:3      | Found a runed translucent door.
  3168 | D:3      | Noticed Crazy Yiuf
  3195 | D:3      | Noticed Natasha
  3202 | D:3      | Killed Natasha
  3203 | D:3      | Reached skill level 7 in Long Blades
  3311 | D:3      | Killed Crazy Yiuf
  3505 | D:4      | Found a shimmering altar of Xom.
  3969 | D:4      | Noticed Pikel
  3989 | D:4      | Killed Pikel
  3990 | D:4      | Reached skill level 9 in Long Blades
  3990 | D:4      | Reached XP level 7. HP: 20/49 MP: 10/10
  4265 | D:5      | Entered Level 5 of the Dungeon
  4272 | D:5      | Noticed Duvessa
  4275 | D:5      | Noticed Dowan
  4537 | D:5      | Learned a level 2 spell: Blink
  4707 | D:5      | Killed Duvessa
  4708 | D:5      | Reached skill level 10 in Long Blades
  4708 | D:5      | Reached XP level 8. HP: 35/50 MP: 11/11
  4717 | D:5      | HP: 5/114 [Dowan/stone arrow (7)]
  4719 | D:5      | HP: 1/114 [burnt (3)]
  4720 | D:5      | Incinerated by a bombardier beetle

Illustrated notes

Levels and vault maps discovered:
D:1:      amcnicky_arrival_blooded_trapdoor, layout_basic,
          hellmonk_ecumenical_altar_arch_garden, interstate_on_off,
          serial_bayou_pond_d
D:2:      minmay_inner_zag, layout_loops_ring, st_stairs_8, minmay_pentomino_p2
D:3:      layout_rooms, nicolae_qazlal_general_emergency,
          uniq_crazy_yiuf_cottage, uniq_natasha, uniq_robin
D:4:      layout_basic, mainiacjoe_overflow_cross_hatched,
          nicolae_elyvilon_peaceful_grove, nrook_mini_backslash, minivault_26,
          corexii_corridor_pit, uniq_pikel
D:5:      layout_loops_corners, serial_bayou_lagoon_a, uniq_duvessa

Skill      XL: |  1  2  3  4  5  6  7 |
---------------+----------------------+-----
Long Blades    | 4 5 6 9 10 | 10.1
Fighting       | |  1.7
Dodging        | |  2.1
Spellcasting   | |  2.0
Conjurations   | |  2.1

Action                     |  1- 3 |  4- 6 |  7- 9 || total
---------------------------+-------+-------+-------++-------
  Melee: Falchion          |   151 |   323 |    36 ||   510
         Bite              |    13 |    32 |     3 ||    48
         Punch             |     2 |     2 |       ||     4
  Throw: Boomerang         |       |     3 |     3 ||     6
   Cast: Kiss of Death     |     1 |       |     2 ||     3
    Use: Scroll            |     3 |       |    11 ||    14
         Potion            |     1 |     2 |     4 ||     7
   Stab: Sleeping          |     2 |     2 |       ||     4
         Invisible         |       |     7 |       ||     7
 Armour: Leather armour    |   122 |    49 |       ||   171
         Ring mail         |       |   132 |    10 ||   142
         Skin              |       |     4 |    14 ||    18
  Dodge: Dodged            |   101 |   160 |     9 ||   270
  Block: Buckler           |       |    37 |     6 ||    43

Table legend: (Time is in decaauts)
 A = Elapsed time spent in this place.
 B = Non-inter-level travel time spent in this place.
 C = Inter-level travel time spent in this place.
 D = Time resting spent in this place.
 E = Time spent auto-exploring this place.
 F = Levels seen in this place.
 G = Mean time per level.
                   A        B        C        D        E       F      G
               +--------+--------+--------+--------+--------+-----+--------+
         Total |   4740 |   4464 |    276 |    133 |   3097 |   5 |  948.0 |
       Dungeon |   4740 |   4464 |    276 |    133 |   3097 |   5 |  948.0 |
               +--------+--------+--------+--------+--------+-----+--------+

Top non-repeatable levels by time:
     D:2: 1374 daAuts
     D:1: 1201 daAuts
     D:4: 961 daAuts
     D:3: 806 daAuts
     D:5: 396 daAuts
